 Dungeon Crawl Stone Soup version 0.29.1-15-g9cfb28693d (webtiles) character file.

Game seed: 14451768555355021961

82 booth the Chopper (level 4, 0/34 HPs)
             Began as a Demonspawn Gladiator on Feb 25, 2023.
             Was a Plaything of Xom.
             Killed by divine providence
             ... invoked by an orc priest
              (12 damage)
             ... on level 3 of the Dungeon on Feb 26, 2023.
             The game lasted 00:14:35 (2487 turns).

booth the Chopper (Demonspawn Gladiator)            Turns: 2487, Time: 00:14:36

Health: 0/34       AC:  7    Str: 16    XL:     4   Next: 21%
Magic:  4/4        EV: 12    Int:  9    God:    Xom [..*...]
Gold:   132        SH:  0    Dex: 15    Spells: 3/3 levels left

rFire   . . .      SeeInvis +   a - +1 war axe
rCold   . . .      Faith    .   (no shield)
rNeg    . . .      Spirit   .   b - +0 leather armour
rPois   .          Reflect  .   l - +0 helmet {SInv}
rElec   .          Harm     .   (no cloak)
rCorr   .          Rampage  .   m - +0 pair of gloves
Will    .....                   (no boots)
Stlth   +.........              (no amulet)
HPRegen 0.11/turn               (no ring)
MPRegen 0.09/turn               (no ring)

@: about to teleport
A: slimy green scales 1, demonic guardian 1
a: Renounce Religion


You were on level 3 of the Dungeon.
You worshipped Xom.
You were a toy of Xom.
You visited 1 branch of the dungeon, and saw 3 of its levels.

You collected 132 gold pieces.

Inventory:

Hand Weapons
 a - a +1 war axe (weapon)
Missiles
 d - 3 throwing nets (quivered)
 e - a javelin
Armour
 b - a +0 leather armour (worn)
 l - a +0 helmet of see invisible (worn)
 m - a +0 pair of gloves (worn)
Jewellery
 f - a +6 ring of intelligence
Scrolls
 g - a scroll of summoning
 n - a scroll of vulnerability {unknown}
 o - a scroll of silence {unknown}
 p - a scroll of blinking {unknown}
 q - a scroll of enchant armour {unknown}
 r - a scroll of magic mapping {unknown}
Potions
 h - 3 potions of cancellation
 i - a potion of degeneration {unknown}
 j - a potion of curing {unknown}
 k - a potion of berserk rage {unknown}


   Skills:
 + Level 2.5 Fighting
 + Level 3.7 Axes
 + Level 1.9 Throwing
 + Level 1.1 Armour
 + Level 3.1 Dodging
 + Level 0.1 Stealth


You had 3 spell levels left.
You didn't know any spells.
Your spell library contained the following spells:

 Spells                   Type           Power      Damage    Failure   Level
 Blink                    Tloc           0%         N/A       58%         2
 Lesser Beckoning         Tloc           0%         N/A       83%         3
 Summon Ice Beast         Ice/Summ       0%         N/A       99%         4
 Manifold Assault         Tloc           0%         N/A       100%        5
 Summon Mana Viper        Hex/Summ       0%         N/A       100%        5
 Monstrous Menagerie      Summ           0%         N/A       100%        7


Dungeon Overview and Level Annotations

Branches:
Dungeon (3/15)

Altars:
Xom


Innate Abilities, Weirdness & Mutations

You are partially covered in slimy green scales. (AC +2)
A weak demonic guardian rushes to your aid.


Message History

Found 7 stones.
Found a stone staircase leading up.
A kobold comes into view.
It is wielding a +2 short sword of venom.
The kobold shouts!
A kobold is nearby!
You hit the kobold.
You kill the kobold!
Things that are here:
a +2 short sword of venom; a kobold corpse
Found a scroll labelled LUWKOY WARU.
r - a scroll labelled LUWKOY WARU An orc comes into view.
It is wielding a +0 dagger.
The orc shouts!
You hear a shout!
An orc comes into view.
It is wielding a +1 flail of protection.
You hear a shout!
An orc comes into view. It is wielding a +0 flail.
You hit the orc but do no damage.
The orc hits you with a +1 flail of protection!
A demonic guardian appears!
You barely miss the orc.
An orc wizard comes into view. It is wielding a +0 dagger.
The orc closely misses you.
Your white imp closely misses the orc.
The orc wizard shouts!
You slash the orc!
You kill the orc!
An orc priest comes into view. It is wielding a +0 hand axe.
Your white imp gestures at the orc.
The puff of frost misses the orc.
The orc barely misses you.
You slash the orc!
You kill the orc!
Your white imp barely misses the orc.
The orc priest invokes the aid of Beogh against you.
Beogh smites you!
As you read the scroll of teleportation, it crumbles to dust.
You feel strangely unstable.
Your white imp closely misses the orc.
The orc barely misses your white imp.
The orc priest calls down the wrath of Beogh upon you.
Beogh smites you!
You die...
Xom chuckles heartily!

### ..# ...
####### #o#
#......
#######o###.#
#.#####
......5o....#
#.# #)# #.#
#@# #.# #.#
#.# #.# #.#
#.# #.#
#.##########.#
#............#
##############


You could see an orc priest, an orc wizard, an orc (ally target) and a friendly
white imp (summoned).

Vanquished Creatures
  2 adders
  3 dart slugs
  4 orcs (D:3)
  6 bats
  6 endoplasms
  2 giant cockroaches (D:2)
  5 goblins
  5 hobgoblins
  2 ball pythons (D:2)
  6 frilled lizards
  5 kobolds
  7 rats
53 creatures vanquished.

Notes
Turn   | Place    | Note
-------+----------+-------------------------------------------
     0 | D:1      | booth the Demonspawn Gladiator began the quest for the Orb.
     0 | D:1      | Reached XP level 1. HP: 16/16 MP: 1/1
   199 | D:1      | Gained mutation: A weak demonic guardian rushes to your
                  | aid. [demonic ancestry]
   199 | D:1      | Reached XP level 2. HP: 15/22 MP: 2/2
   915 | D:2      | Gained mutation: You are partially covered in slimy green
                  | scales. (AC +2) [demonic ancestry]
   915 | D:2      | Reached XP level 3. HP: 23/27 MP: 3/3
  1075 | D:2      | Found a faded altar of an unknown god.
  2011 | D:2      | Prayed at the altar of an unknown god.
  2011 | D:2      | Became a worshipper of Xom of Chaos
  2052 | D:3      | XOM: divination: detect items
  2126 | D:3      | Reached skill level 1 in Armour
  2126 | D:3      | Reached XP level 4. HP: 34/34 MP: 4/4
  2487 | D:3      | Killed from afar by an orc priest

Illustrated notes

Levels and vault maps discovered:
D:1:      dpeg_arrival_simpleton_c, layout_basic, minmay_misc_feat_encased
D:2:      layout_basic, ebering_ecumenical_altar_mist, st_stairs_4
D:3:      layout_basic

Skill      XL: |  1  2  3 |
---------------+----------+-----
Axes           | 3 |  3.7
Dodging        | 3 |  3.1
Armour         | 1 |  1.1
Fighting       | |  2.5
Throwing       | |  1.9
Stealth        | |  0.1

Action                   |  1- 3 |  4- 6 || total
-------------------------+-------+-------++-------
Melee: War axe           |   125 |    11 ||   136
  Use: Scroll            |     4 |     1 ||     5
Armor: Leather armour    |    53 |     2 ||    55
Dodge: Dodged            |    85 |     4 ||    89
